[Event "LEM Niedersachsen-Meister 2025"]
[Site "Verden"]
[Date "2025.01.02"]
[Round "2.1"]
[White "Abel, Dennes"]
[Black "Riemay, David"]
[Result "1-0"]
[ECO "A84"]
[WhiteElo "2381"]
[BlackElo "2243"]
[Annotator "TA"]
[PlyCount "65"]
[EventDate "2024.12.27"]
[EventType "swiss"]
[EventCountry "GER"]
[SourceTitle "playchess.com"]
[Source "ChessBase"]
[SourceQuality "1"]
[TimeControl "40/5400+30:1800+30"]

1. Nf3 d6 2. d4 g6 3. c4 f5 4. b3 Nf6 5. Bb2 Bg7 6. g3 O-O 7. Qc2 (7. Bg2 $14) 7... c6 8. Bg2 a5 9. O-O Na6 10. Nbd2 Qc7 11. a3 Re8 12. e4 e5 13. c5 dxc5 (13... exd4 $2 14. cxd6 Qxd6 15. e5 (15. Bxd4 fxe4 16. Bxf6 exf3 $17) (15. Nxd4 Nxe4 16. Nc4 Qc5 $11) 15... Rxe5 16. Nxe5 (16. Bxd4 Rd5 $16) (16. Nxd4 Qc5 $11) 16... Qxe5 17. Rfd1 $16) 14. dxe5 Nxe4 15. Nxe4 fxe4 16. Qxe4 Be6 17. Qe3 Rad8 18. Ng5 Bd5 (18... Bf5 $142) 19. f4 $16 Bxg2 20. Kxg2 a4 21. Rf2 b5 22. bxa4 c4 23. Ne4 {[%emt 0:03:01] White is more active.} Rd3 24. Qe2 {[%emt 0:00:05] and f5 would now be decisive} Qd7 {[%emt 0:04:41] [#]} 25. Rc1 (25. axb5 $1 $16 cxb5 26. h4) 25... Qd5 $14 {[%emt 0:01:09] Threatens to win with ...Nc5.} 26. Kg1 Nc5 $2 {[%emt 0:02:15][%mdl 8192] [#]} (26... Rd8 $14) 27. Nxc5 $1 $18 Qxc5 28. Qxd3 Qxf2+ 29. Kxf2 cxd3 30. axb5 {[%emt 0:00:45] KRB-KRB. White is two pawns up.} (30. Rxc6 Rd8 31. Ke1 (31. axb5 $2 {perishes.} d2 $19) 31... d2+ 32. Kd1 bxa4 $18) 30... Rb8 (30... cxb5 {is a better defense.} 31. Ke3 Rd8) 31. Ke3 Rxb5 32. Bd4 Bf8 33. Rxc6 1-0

[Event "LEM Niedersachsen-Meister 2025"]
[Site "Verden"]
[Date "2025.01.02"]
[Round "2.2"]
[White "Polster, Christian"]
[Black "Hampel, Felix"]
[Result "1-0"]
[ECO "B48"]
[WhiteElo "2252"]
[BlackElo "2343"]
[Annotator "TA"]
[PlyCount "125"]
[EventDate "2024.12.27"]
[EventType "swiss"]
[EventCountry "GER"]
[SourceTitle "playchess.com"]
[Source "ChessBase"]
[SourceQuality "1"]
[TimeControl "40/5400+30:1800+30"]

1. e4 c5 2. Nf3 e6 3. d4 cxd4 4. Nxd4 Nc6 5. Nc3 Qc7 6. Be3 a6 7. a3 b5 8. f4 Na5 9. Nf3 Nc4 10. Bxc4 Qxc4 11. Ne5 Qc7 12. O-O Nf6 13. Ng4 Bc5 14. Nxf6+ gxf6 15. Qf3 Bb7 16. Qf2 Rc8 17. f5 Rg8 18. Kh1 Bxe3 19. Qxe3 Qe5 20. Rae1 Ke7 21. Re2 Rg4 22. fxe6 fxe6 23. Qh6 (23. Qd3 $5) 23... Rcg8 (23... Bxe4 $2 24. Nxe4 Rh8 25. c3 $18 (25. Qxf6+ Qxf6 26. Nxf6 Rg6 $18)) 24. Qxh7+ R8g7 25. Qh6 R7g6 26. Qh7+ Rg7 27. Qh6 f5 28. h3 R4g5 (28... Rg8 $5) 29. Qh4 Kd6 {[%emt 0:01:23] [#]} (29... Qg3 $11 {remains equal.} 30. Qxg3 Rxg3) 30. Rff2 $1 $16 fxe4 31. Nxe4+ Bxe4 32. Qxe4 (32. Rxe4 $6 Qxb2 33. Re1 Qxa3 $11) 32... Qxe4 33. Rxe4 e5 34. g4 Ke6 35. a4 d5 36. Rb4 Kd6 (36... Rb7 $16 {might work better.} 37. Kg2 e4) 37. axb5 $18 Kc5 38. Ra4 $2 (38. Rb3 $18 axb5 39. Rc3+ Kb4 40. Kh2) 38... axb5 $14 39. Ra8 (39. Ra1 $16) 39... e4 $14 40. Kg2 b4 {[%emt 0:00:52] [#]} 41. Rd2 ({Better is} 41. Kg3 $1 $16) 41... Re5 42. Rc8+ Kd6 43. Rd8+ Kc5 44. Rc8+ Kd6 45. Rb8 e3 46. Re2 Re4 47. Rf8 Kc5 48. b3 Kd4 49. Rf5 Re8 50. Kg3 Re4 51. g5 Rh7 52. g6 Rg7 $1 53. Rf6 (53. Rg5 $5 Re6 $8 54. Rg4+ Kc3 55. Kf4 Rgxg6 56. Rxg6 Rxg6 57. Rxe3+ Kxc2 58. Ke5 $11) 53... Ke5 $1 54. Rb6 Kf5 55. Kf3 Re5 $2 (55... Rge7 $11) 56. Rxe3 $18 (56. Rxb4 Rxg6 57. Rf4+ (57. Rxe3 Rg3+ 58. Kxg3 Rxe3+ 59. Kh4 Ke5 $16) 57... Ke6 58. Rxe3 Rg3+ 59. Kxg3 Rxe3+ 60. Rf3 Re2 $18 (60... Rxf3+ $2 61. Kxf3 Ke5 62. c3 $18)) 56... Rc7 57. Rxe5+ (57. Rxb4 Rxe3+ 58. Kxe3 Kxg6 $16) 57... Kxe5 58. Rxb4 Rc3+ 59. Ke2 Rxc2+ 60. Kd1 Rh2 61. g7 Rh1+ 62. Ke2 Rg1 63. Rg4 1-0

[Event "LEM Niedersachsen-Meister 2025"]
[Site "Verden"]
[Date "2025.01.02"]
[Round "2.3"]
[White "Nechitaylo, Nikita"]
[Black "Hoeffer, David"]
[Result "1-0"]
[ECO "C56"]
[WhiteElo "2239"]
[BlackElo "2322"]
[Annotator "TA"]
[PlyCount "103"]
[EventDate "2024.12.27"]
[EventType "swiss"]
[EventCountry "GER"]
[SourceTitle "playchess.com"]
[Source "ChessBase"]
[SourceQuality "1"]
[TimeControl "40/5400+30:1800+30"]

1. e4 e5 2. Nf3 Nc6 3. Bc4 Nf6 4. d4 exd4 5. e5 d5 6. Bb5 Ne4 7. Nxd4 Bd7 8. Bxc6 bxc6 9. O-O Bc5 10. f3 Ng5 11. f4 Ne4 12. Be3 Bb6 13. a4 c5 14. Nb3 d4 {[%emt 0:00:12] The position is equal.} 15. Bf2 a5 {[%emt 0:00:54] White must now prevent ...Nxf2.} (15... c4 $5 16. a5 cxb3 (16... Nxf2 17. Rxf2 cxb3 18. axb6 $11) 17. axb6 axb6 18. Rxa8 Qxa8 19. Bxd4 O-O $15) 16. N1d2 Nxd2 17. Nxd2 Bc6 18. c4 (18. b3 $11) 18... Qd7 19. Bh4 Qe6 ({Better is} 19... Qf5 $1 $11) 20. Qh5 (20. f5 $14 Qh6 (20... Qxe5 $2 21. Re1 $18) 21. Qg4) 20... Qg6 $11 21. Qxg6 (21. Qe2 $1 $11) 21... hxg6 $15 (21... fxg6 $6 22. e6 $16) 22. Bg5 Kd7 (22... Bd7 $15) 23. Nf3 (23. f5 $1 $11) 23... Ke6 24. g4 (24. Nh4 $17) 24... f5 $2 (24... f6 $1 $19 {...Bxf3 is the strong threat.} 25. exf6 gxf6 26. Rae1+ Kf7 27. Ne5+ fxe5 28. fxe5+ Ke6 29. Rf6+ Kd7 30. e6+ Kc8) 25. Nh4 $11 Be8 26. h3 Rb8 27. b3 Ba7 28. Rf3 Rb6 29. Kf2 Bf7 30. Rg1 Rhb8 31. Rgg3 Be8 32. Rd3 Bc6 {[%emt 0:10:20] aiming for ...Be4.} 33. Nxg6 (33. gxf5+ {looks sharper.} gxf5 34. Bd8 Kd7 35. Bxc7 Kxc7 36. Rxg7+ Bd7 37. Rdg3) 33... Be4 34. Ne7 {[%emt 0:02:00] The board is on fire.} Bxd3 35. Rxd3 fxg4 (35... Rxb3 $2 36. gxf5+ Kf7 37. e6+ Kf8 38. Ng6+ Kg8 39. Rxb3 Rxb3 40. Ne5 $18) 36. hxg4 Rxb3 37. Rxb3 Rxb3 {[%emt 0:00:04][%mdl 4096] Endgame. KRB-KBN} 38. Nc6 {[%emt 0:01:57] Hoping for f5+.} Bb6 (38... Bb8 $11 {remains equal.}) 39. f5+ $16 Kd7 $2 {[%emt 0:00:04][%mdl 8192] [#]} (39... Kf7 $11) 40. f6 $1 $18 gxf6 41. exf6 Rb2+ 42. Kg3 Rb3+ 43. Kf4 $2 (43. Kg2 Rb2+ (43... Kxc6 $2 44. f7 $18) 44. Kg3 Rb3+ (44... Kxc6 $2 45. f7 $18) 45. Kf4) 43... Rb1 $2 {[%emt 0:07:27] [#]} (43... Kxc6 $2 44. f7 $18) (43... Rh3) 44. Kf5 $1 Rf1+ (44... Kxc6 45. f7) 45. Bf4 {[%emt 0:00:04] White mates.} Ke8 {[%emt 0:00:09] [#]} 46. g5 $1 ({Worse is} 46. Ne5 c6 47. g5 (47. Nxc6 $2 {is the wrong capture.} d3 $19) 47... Bc7 $11) 46... d3 47. g6 d2 48. g7 Rg1 49. Ke6 Re1+ 50. Be5 Rxe5+ 51. Nxe5 d1=B 52. g8=R# {[%emt 0:00:06] Weighted Error Value: White=0.23 (precise) /Black=0.32.  Loses game:     	---       	Black=1      Missed win:     	---       	Black=1      Mistake:       	White=5     	Black=4      Inaccurate:     	White=1     	Black=3      OK:         	White=12    	Black=9      Best:        	White=2     	Black=2      Strong:       	White=1     	---} 1-0

[Event "LEM Niedersachsen-Meister 2025"]
[Site "Verden"]
[Date "2025.01.02"]
[Round "2.4"]
[White "Lammers, Markus"]
[Black "Bruns, Kai-Christian"]
[Result "0-1"]
[ECO "D30"]
[WhiteElo "2304"]
[BlackElo "2157"]
[Annotator "TA"]
[PlyCount "128"]
[EventDate "2024.12.27"]
[EventType "swiss"]
[EventCountry "GER"]
[SourceTitle "playchess.com"]
[Source "ChessBase"]
[SourceQuality "1"]
[TimeControl "40/5400+30:1800+30"]

1. Nf3 d5 2. c4 c6 3. d4 Nf6 4. e3 e6 5. b3 Ne4 6. Bd3 Bb4+ 7. Nbd2 Nd7 8. Bb2 f5 9. a3 Bd6 10. Ne5 Qf6 11. Ndf3 a5 12. Nxd7 Bxd7 13. Ne5 Bc8 14. O-O O-O 15. Qc2 Qe7 16. f3 Ng5 17. Bc3 Nf7 18. f4 Bd7 19. Qb2 b5 20. c5 Bxe5 21. fxe5 Ng5 22. Qe2 Ne4 23. Bxe4 (23. Be1 {is interesting.} a4 24. Qb2 Qg5 25. Rf4) 23... dxe4 24. Kh1 Be8 25. Rf4 g5 26. Rf2 Bg6 27. Raf1 a4 28. bxa4 Rxa4 29. Bb4 {[%emt 0:00:07] White is weak on the light squares} h5 30. g3 Raa8 31. h3 g4 32. Rh2 Kg7 33. Kg2 Rh8 34. Qb2 (34. h4 $11) 34... Rhd8 (34... h4 $15 35. Qf2 (35. hxg4 $2 hxg3 36. Kxg3 Rxh2 $19) 35... hxg3 36. Qxg3 Rh4) 35. hxg4 $11 hxg4 36. Rfh1 Rd7 37. Kf1 Qg5 {[%emt 0:00:34] Active counter play!} 38. Qb3 Re7 39. Ke2 Ree8 40. Kd2 Qe7 41. Qb2 Qd8 42. Kc1 Qd5 43. Qf2 Rg8 (43... Rh8 $11) 44. Qf4 $1 $14 Qd8 $2 {[%emt 0:01:27] [#] Dodges Qg5} (44... Kf7 $14) 45. Rh6 $2 (45. d5 $1 $18 {[%cal Oh2h7] White threatens Rh7+! and mate.} cxd5 (45... Qxd5 $2 46. Rd1 $18) 46. c6) 45... Kf7 $1 46. R1h4 ({Better is} 46. R1h2 $16) 46... Kg7 $2 {[%emt 0:02:07][%mdl 8192] [#]} (46... Qd5 $11) 47. Rxg6+ $1 $18 Kxg6 48. Rh6+ Kg7 49. Rxe6 Rh8 50. Qxf5 (50. Rxc6 Rh1+ 51. Kc2 Rh2+ 52. Kd1 Rh1+ 53. Ke2 Rh2+ 54. Ke1 Rxa3 55. Bxa3 Qa5+ 56. Kf1 Rh1+ 57. Kg2 Rh5 $11) 50... Rh1+ 51. Kc2 Rh2+ 52. Kd1 Rh1+ 53. Ke2 Rh2+ 54. Kf1 Kh8 55. Kg1 (55. Qxg4 Qd5 56. Qf5 Rh7 $11 (56... Rg8 $2 57. Qf6+ Rg7 58. Qf8+ Kh7 59. Qf5+ Kh8 60. Re8+ $18)) (55. Qxe4 Qg8 56. Rf6 (56. Rxc6 Rf8+ 57. Rf6 Rxf6+ 58. exf6 Qa2 $11) (56. Qxc6 $2 Ra6 $19) 56... Qc4+ 57. Kg1 Rh3 $11) 55... Rh7 56. Qxe4 (56. Rxc6 $142 Qd7 57. Qxd7 (57. Qxe4 Rf8 $18) 57... Rxd7 58. Rd6) 56... Qd7 $2 (56... Qg8 57. Rxc6 (57. Qxc6 Rc8 $11) 57... Qa2) 57. Qxc6 Qa7 58. Rg6 (58. Re8+ $142 Rxe8 59. Qxe8+ Kg7 60. c6 (60. Qxb5 Qf7 $18)) 58... Rf8 59. Rf6 (59. Rxg4 $2 {is the wrong capture.} Qa4 60. Rh4 (60. Be1 $2 Qd1 $19) 60... Qd1+ 61. Kh2 Rxh4+ 62. gxh4 Rf2+ $19) ({And not} 59. Qxb5 Rh1+ 60. Kxh1 (60. Kg2 $2 {gets mated.} Qh7) 60... Qh7+ 61. Kg1 Qxg6 $11) 59... Rg8 60. Qxb5 Rh3 61. Kf2 $4 (61. Qc6 $18 Qg7 62. Be1) 61... Qh7 $19 {[%emt 0:00:10] ( -> ...Rh2+)} 62. Bd2 {[%emt 0:00:47] Strongly threatening Ke2.} Qc2 63. Ke1 Rh2 64. Qb4 Qd3 0-1

[Event "LEM Niedersachsen-Meister 2025"]
[Site "Verden"]
[Date "2025.01.02"]
[Round "2.5"]
[White "ter Stal, Lars"]
[Black "Giorgadze, Giorgi Gel"]
[Result "1/2-1/2"]
[ECO "C10"]
[WhiteElo "1815"]
[BlackElo "2569"]
[Annotator "TA"]
[PlyCount "66"]
[EventDate "2024.12.27"]
[EventType "swiss"]
[EventCountry "GER"]
[SourceTitle "playchess.com"]
[Source "ChessBase"]
[SourceQuality "1"]
[TimeControl "40/5400+30:1800+30"]

1. e4 e6 2. d4 d5 3. Nd2 dxe4 4. Nxe4 Nd7 5. Nf3 Ngf6 6. Nxf6+ Nxf6 7. Bc4 Be7 8. O-O O-O 9. Re1 b6 10. Qe2 Bb7 11. c3 Nd5 12. Bb3 (12. Bd3 $14) 12... Bf6 (12... c5 $11) 13. Ne5 $14 Qc8 14. Ng4 {[%emt 0:05:39] aiming for Bxd5.} Bd8 15. Bc2 Nf6 {[%emt 0:00:00] [#]} (15... c5 $14) 16. Qd3 $1 $16 {[%emt 0:00:31] Nxf6+ would kill now.} g6 17. Ne5 $36 {[%emt 0:03:34][%mdl 2048] White is on the roll.} Nd7 18. Bh6 Nxe5 19. dxe5 ({Don't do} 19. Rxe5 $6 Bf6 $14) 19... Re8 20. Qg3 {[%emt 0:07:12] White has more active pieces. The black rooks are passive.} Be7 21. h4 Bf8 {[%emt 0:00:00] [#]} 22. Bg5 Be7 {[%emt 0:00:00] [#]} 23. h5 Bxg5 $14 24. Qxg5 {[%emt 0:00:10][%cal Rh5g6] And now hxg6 would win.} Qd8 25. Qg4 {[%emt 0:03:57][%cal Rh5g6] hxg6 is the strong threat.} Qd2 26. Re2 Qh6 27. hxg6 hxg6 28. Be4 (28. Re3 $14) 28... Bxe4 $11 29. Rxe4 Kg7 30. Qh4 (30. Re3 $11) 30... Qxh4 $15 31. Rxh4 Red8 32. Rd4 c5 33. Rdd1 g5 {[%emt 0:00:00] Black escapes into a draw.   Weighted Error Value: White=0.23 (precise) /Black=0.14 (very precise) .  Mistake:       	White=4     	Black=2      Inaccurate:     	---       	Black=2      OK:         	White=9     	Black=6      Best:        	White=3     	Black=4      Strong:       	White=1     	---} 1/2-1/2

[Event "LEM Niedersachsen-Meister 2025"]
[Site "Verden"]
[Date "2025.01.02"]
[Round "2.6"]
[White "Plischki, Sebastian"]
[Black "Drygala, Lars"]
[Result "1/2-1/2"]
[ECO "D63"]
[WhiteElo "2323"]
[BlackElo "2067"]
[Annotator "TA"]
[PlyCount "118"]
[EventDate "2024.12.27"]
[EventType "swiss"]
[EventCountry "GER"]
[SourceTitle "playchess.com"]
[Source "ChessBase"]
[SourceQuality "1"]
[TimeControl "40/5400+30:1800+30"]

1. d4 Nf6 2. c4 e6 3. Nc3 d5 4. Bg5 Be7 5. e3 O-O 6. Nf3 Nbd7 7. Rc1 dxc4 8. Bxc4 b6 9. e4 Bb7 10. e5 Ne4 11. Bxe7 Qxe7 12. O-O Rfd8 13. Qe2 Nxc3 14. Rxc3 c5 15. Bd3 cxd4 (15... h6 {simplifies} 16. Be4 cxd4 17. Nxd4 Bxe4 18. Qxe4 Nc5) 16. Rc7 Bxf3 17. Qxf3 Rac8 18. Rxa7 Qg5 19. Qe4 Qh5 20. g4 (20. Qxd4 $2 Nxe5 $19) 20... Qh3 (20... Qg6 $11 {keeps the balance.} 21. Qxd4 Qg5 22. Rxd7 Rxd7 23. Qxd7 Qxg4+ 24. Kh1 Qf3+ 25. Kg1 Qg4+ 26. Kh1 Qf3+ 27. Kg1 Qg4+) 21. b4 $2 {[%emt 0:00:45][%mdl 8192] [#] White is more active.} (21. Ba6 $1 $16 {[%cal Ra6c8] stays on course.} Rb8 (21... Nc5 $2 22. Qf4 $18) 22. Bb5 (22. Qxd4 Nf6 $11)) 21... Nxe5 $1 $19 22. Qxe5 Qxd3 23. Qf4 Qg6 24. Rd1 e5 25. Qf3 (25. Qf5 $142) 25... Rc3 26. Qf5 Qxf5 27. gxf5 {[%emt 0:00:05][%mdl 4096] Endgame. KRR-KRR} h5 28. Kg2 h4 29. h3 (29. a4 {might work better.}) 29... Kf8 30. a4 (30. Rb7 $142) 30... e4 (30... d3 $1 $19 {is more deadly. And now ...d2 would win.} 31. a5 bxa5 32. Rxa5 e4) 31. a5 (31. Re1 $17 {only move.}) 31... bxa5 32. bxa5 Rc2 33. Kf1 Rd5 {[%emt 0:00:41][%cal Od4d3] aiming for ...d3!} 34. Rb1 $2 (34. Re1 e3 (34... Rxf5 35. Ra8+ Ke7 36. Rxe4+ Kf6 37. Ra6+ Kg5 38. Rg4+ Kh5 39. Rxg7 $15) 35. fxe3) 34... Kg8 $1 (34... Rxf5 35. Rb8+) 35. Rb8+ Kh7 {[%emt 0:00:05] ...e3 would now be deadly.} 36. Rxf7 e3 (36... Rxa5 37. f6 Kg6 38. Rxg7+ (38. fxg7 $2 Rc1+ 39. Kg2 Rg5+ 40. Kh2 Kxf7 $19) 38... Kxf6 39. Rgg8 $17) (36... d3 $142 37. Rb1 Rxa5 (37... d2 38. Rd1 $11)) 37. fxe3 $2 (37. f6 $19 Rxf2+ 38. Ke1 Rxf6 (38... Rxa5 39. Rxg7+ Kh6 40. Rh8#) 39. Rxf6 gxf6 40. a6) 37... dxe3 38. Rb1 Rxa5 (38... Rh2 $142 39. f6 Rh1+ (39... Rxa5 40. Rxg7+ Kh6 41. Kg1 $11) 40. Ke2 Rxb1 41. Rxg7+ Kh6) 39. Re1 (39. f6 $142 Kg6 40. Rxg7+ Kxf6 41. Rg8) 39... Rh2 40. Kg1 Rxh3 41. Kg2 Rg3+ 42. Kh2 Ra2+ 43. Kh1 Rgg2 $2 (43... Rf2 {( -> ...e2)} 44. Re7 Rff3 (44... Rxf5 $2 45. Re4 $19)) 44. Rxe3 Rgc2 45. Rfe7 Kg8 46. R7e4 Kf7 $1 47. Rg4 $2 (47. Re7+ Kf6 48. R7e6+ Kxf5 49. R3e5+ Kf4 50. Re4+ Kf3 51. Re3+ Kf2 52. Rb3) 47... Rc1+ 48. Rg1 {[%emt 0:00:08] [#]} Rxg1+ $1 49. Kxg1 {[%emt 0:00:05] [#] KR-KR} Kf6 $2 (49... Ra4 $1 $19 50. Rf3 Kf6) 50. Re4 $11 {[%emt 0:00:51] The position is equal.} Kg5 ({Much less strong is} 50... Kxf5 51. Rxh4 Kg5 52. Rd4 $17) 51. Re7 Kf6 52. Re4 h3 (52... Kxf5 {simplifies} 53. Rxh4 g5 54. Rh3 Kf4) 53. Re3 Rg2+ (53... Kxf5 {simplifies} 54. Rxh3 g5 55. Rf3+ Kg4) 54. Kh1 Rg4 ({But not} 54... Kxf5 55. Rxh3 Re2 56. Ra3 $17) 55. Rxh3 Kxf5 56. Ra3 g5 57. Rb3 Kg6 58. Ra3 Kh5 59. Kh2 Rb4 {[%emt 0:00:09] And White is the lucky defender.   Weighted Error Value: White=0.62/Black=0.54.  Loses game:     	White=1     	---        Mistake:       	White=7     	Black=3      Inaccurate:     	White=2     	Black=5      OK:         	White=15    	Black=11     Best:        	White=4     	Black=3      Strong:       	---       	Black=2      Brilliant:      	---       	Black=1} 1/2-1/2

[Event "LEM Niedersachsen-Meister 2025"]
[Site "Verden"]
[Date "2025.01.02"]
[Round "2.7"]
[White "Peters, Tom"]
[Black "Stelmaszyk, Nico"]
[Result "0-1"]
[ECO "B45"]
[WhiteElo "2166"]
[BlackElo "2403"]
[Annotator "TA"]
[PlyCount "64"]
[EventDate "2024.12.27"]
[EventType "swiss"]
[EventCountry "GER"]
[SourceTitle "playchess.com"]
[Source "ChessBase"]
[SourceQuality "1"]
[TimeControl "40/5400+30:1800+30"]

1. e4 c5 2. Nf3 e6 3. d4 cxd4 4. Nxd4 Nf6 5. Nc3 Nc6 6. Nxc6 bxc6 7. e5 Nd5 8. Ne4 Qc7 9. f4 f5 (9... Qb6 {keeps more tension.} 10. c4 Bb4+ 11. Ke2 f5) 10. exf6 gxf6 11. a3 Be7 $1 12. g3 c5 (12... h5 $11) 13. Bg2 {[%emt 0:06:30] c4 would now be deadly.} Ba6 (13... h5 $1 $11 {keeps the balance.}) 14. Nc3 (14. Qh5+ $16 Kd8 15. Bd2) 14... Nxc3 $14 15. Qh5+ Kd8 {[%emt 0:00:08][%cal Oa6b7] Strongly threatening ...Bb7!.} 16. Bxa8 Ne2 $1 17. Bf3 (17. Kf2 $14) 17... Nd4 $36 {[%emt 0:01:56][%mdl 2048] Black has some pressure.} 18. Bd1 ({White should play} 18. Kf2 $15) 18... Qc6 19. Rg1 Qe4+ 20. Kf2 Nxc2 {[%emt 0:00:17] Black is much more active.} 21. Ra2 (21. Rb1 $17) 21... Bc4 $19 22. b3 {[%emt 0:00:10] [#]} Bxb3 $2 ({Better is} 22... Qd4+ $1 $19 23. Kg2 Bxb3 24. Rxc2 Qe4+ 25. Kf2 Bxc2) 23. Rb2 $2 (23. Bxc2 $11 {and White is okay.} Bxc2 24. Re1) 23... Qd4+ 24. Kg2 Ne3+ 25. Kh1 $2 (25. Bxe3 Qxb2+ 26. Bf2) 25... Bxd1 26. Rxd1 Nxd1 (26... Qxd1+ 27. Qxd1 Nxd1 28. Rb8+ Kc7 29. Rxh8 $14) 27. Rb8+ Kc7 {[%emt 0:00:04] ( -> ...Qe4+)} 28. Rxh8 Qe4+ 29. Kg1 Qe1+ 30. Kg2 Qf2+ 31. Kh3 Qf1+ 32. Kg4 f5+ 0-1

[Event "LEM Niedersachsen-Meister 2025"]
[Site "Verden"]
[Date "2025.01.02"]
[Round "2.8"]
[White "Wilmink, Anna"]
[Black "von Mettenheim, Johannes"]
[Result "0-1"]
[ECO "C41"]
[WhiteElo "2033"]
[BlackElo "2333"]
[Annotator "TA"]
[PlyCount "72"]
[EventDate "2024.12.27"]
[EventType "swiss"]
[EventCountry "GER"]
[SourceTitle "playchess.com"]
[Source "ChessBase"]
[SourceQuality "1"]
[TimeControl "40/5400+30:1800+30"]

1. e4 d6 2. d4 Nf6 3. Nc3 e5 4. Nf3 Nbd7 5. Bc4 Be7 6. O-O O-O 7. Qe2 c6 8. Bb3 exd4 9. Nxd4 Nc5 10. Re1 Re8 11. f3 (11. Qf3 {seems wilder.} Bg4 12. Qf4 Bd7 13. Be3) 11... d5 12. Qf2 dxe4 13. fxe4 (13. Nxe4 $17 {is a better defense.} Nfxe4 14. fxe4 Nxb3 15. axb3) 13... Nxb3 14. Nxb3 Bd6 15. h3 {[%emt 0:07:16] Prevents Ng4.} Nh5 {[%emt 0:03:43] Prevents Bf4} (15... Qc7 $17 {...Bg3 would now be deadly.} 16. Qf3 Nd5) 16. Qf3 $15 Qh4 17. Be3 Nf6 18. Bf2 Qg5 (18... Qf4 {simplifies} 19. Qxf4 Bxf4 20. Rad1 b6) 19. Bd4 Nh5 {[%emt 0:04:51] Black is more active.} 20. Rad1 Bg3 {[%emt 0:01:49][%cal Oc8h3] The board is on fire.} 21. Be3 Qg6 22. Bf2 Bc7 23. Be3 f5 24. exf5 (24. e5 $15) 24... Bxf5 $19 25. Bc5 (25. Nd4 $142 Bd7 (25... Bxc2 $2 26. Nxc2 Re5 27. Rf1 $18) 26. g4) 25... Nf4 26. Kh1 Bxc2 27. Rxe8+ Rxe8 28. Rf1 (28. Rd7 $17 Ne6 (28... Re1+ 29. Kh2 $11) 29. Bg1) 28... Bd3 29. Rd1 Bf5 {[%emt 0:06:57][%cal Of4g2] A strong pair of Bishops.} 30. Nd4 Bc8 31. Nde2 Nxe2 32. Nxe2 b6 33. Bb4 (33. Bg1 $142) 33... Qe4 $40 {[%emt 0:00:47][%mdl 128] Black wants a kill.} 34. Qb3+ $2 (34. Qxe4 $17 {was the crucial defense.} Rxe4 35. Bd6 Bxd6 (35... Rxe2 36. Bxc7 Bf5 37. a4 $19) 36. Rxd6 Rxe2 37. Rd8+ Kf7 38. Rxc8 Rxb2 39. Rc7+ Ke6 40. Rxg7) 34... Be6 35. Nc3 Bxb3 (35... Qf4 $142 36. Kg1 Qe3+ (36... Bxb3 {leads to mate.} 37. Rf1 Qh2+ 38. Kf2 Bc4 39. Bd6 Qxd6 40. Ne4 Qd4+ 41. Kf3 Qxe4+ 42. Kf2 Qe3#) 37. Kh1 Bxb3 38. Bd6 Bxd6 (38... Bxd1 39. Bxc7 Bf3 40. Bg3 Qc1+ 41. Nd1 Qxd1+ 42. Kh2 Qe2 43. Bf2 Qxf2 44. Kh1 Qxg2#) (38... Qe1+ $2 39. Rxe1 Rxe1+ 40. Kh2 $19) 39. Rxd6 Qc1+ 40. Rd1 Bxd1 (40... Re1+ $2 41. Rxe1 Qxe1+ 42. Kh2 $19) 41. h4 Re1+ 42. Kh2 Qf4+ (42... Qxb2 43. Nxd1 Qe5+ 44. Kh3 Qf4 45. g3 Rh1+ 46. Kg2 Qf1#) 43. g3 Qf2+ 44. Kh3 Rh1#) 36. Nxe4 Bxd1 0-1

[Event "LEM Niedersachsen-Meister 2025"]
[Site "Verden"]
[Date "2025.01.02"]
[Round "2.9"]
[White "Mueer, Sebastian"]
[Black "Voege, Tobias"]
[Result "0-1"]
[ECO "A40"]
[WhiteElo "2175"]
[BlackElo "2292"]
[Annotator "TA"]
[PlyCount "98"]
[EventDate "2024.12.27"]
[EventType "swiss"]
[EventCountry "GER"]
[SourceTitle "playchess.com"]
[Source "ChessBase"]
[SourceQuality "1"]
[TimeControl "40/5400+30:1800+30"]

1. d4 e6 2. c4 b6 3. e4 Bb7 4. Nc3 Bb4 5. Bd3 f5 6. Qh5+ g6 7. Qe2 Nf6 8. f3 {[%emt 0:03:13] A40: Unusual replies to 1 d4.} (8. exf5 Bxg2 (8... Bxc3+ 9. bxc3 Bxg2 10. fxg6 $17) 9. fxg6 Qe7 $19 (9... Bxh1 $2 10. Bg5 $17)) (8. Bg5 $5 fxe4 (8... Bxc3+ 9. bxc3 fxe4 10. Bc2 $11) 9. Bxe4 Bxe4 10. Bxf6 Qxf6 $11) 8... Nc6 9. Be3 fxe4 10. fxe4 e5 11. d5 Nd4 12. Qd2 Ng4 13. Bg5 Be7 14. Bxe7 Qxe7 15. O-O-O O-O 16. Nh3 Qh4 $146 ({Predecessor:} 16... d6 17. Rde1 Qh4 18. Nd1 Bc8 19. Ref1 Rxf1 20. Rxf1 Nxh2 21. Rh1 Qg3 22. Ng5 Bd7 23. Qe3 Qh4 24. g3 Qh6 25. Qd2 {1-0 Fateev,M (2068)-Churkin,V (2310) St Petersburg op 2007 (6)}) 17. Qe1 {[%emt 0:05:03] [#]} Qxe1 $1 18. Rdxe1 Ba6 19. Nd1 Kg7 20. Ne3 h5 21. Kb1 ({White should try} 21. Nxg4 $15 hxg4 22. Ng5) 21... Rf6 22. Nc2 (22. Nxg4 $142 hxg4 23. Ng1) 22... Nxc2 23. Kxc2 Raf8 24. Kd2 Kh6 25. b3 Bc8 26. Be2 d6 27. Bf3 g5 28. Re2 Kg6 29. Ng1 {[%emt 0:02:36] [#]} Nh6 $1 30. Re3 g4 31. Be2 (31. Bd1 $17) 31... Rf2 $19 32. g3 Rg2 33. b4 $2 (33. Ke1) 33... Rf1 $19 34. Ra3 a6 (34... Rfxg1 35. Rxg1 Rxg1 36. Rxa7 $15) 35. c5 dxc5 (35... Rfxg1 36. Rxg1 Rxg1 37. cxd6 cxd6 38. b5 axb5 39. Kd3 $19) 36. bxc5 b5 (36... Rfxg1 37. Rxg1 Rxg1 38. Bxa6 Bxa6 39. Rxa6 $17) 37. Rb3 Nf7 38. Ke3 Re1 39. a4 bxa4 40. Rb8 a3 (40... Rexg1 41. Rxg1 Rxg1 42. Rxc8 $11) 41. Kd2 a2 42. Kxe1 a1=Q+ (42... a1=B $2 {too greedy.} 43. Kf1 (43. Rxc8 Bd4 $18) 43... Rxe2 44. Nxe2 $18) 43. Bd1 Qc3+ 44. Kf1 Qd2 45. Be2 Rxe2 46. Nxe2 Qd1+ (46... Ng5 $142 47. Rb1 Qd3 (47... Nxe4 $2 48. Rg1 $19) 48. Rb4 Qf3+ (48... Nxe4 $2 49. Rxe4 Qf3+ 50. Kg1 $19) 49. Ke1 Qxh1+ 50. Kf2 Nxe4+ (50... Qxh2+ $2 51. Ke3 $19) 51. Rxe4 Qf3+ (51... Qxe4 $2 52. Ng1 $19) (51... Qxh2+ $2 52. Ke3 $19) 52. Ke1 Qxe4 53. d6 cxd6 54. c6 Qxc6 55. Kd2 Bf5 56. Nc3 Qc5 57. Ne2 Qc2+ 58. Ke3 Bd3 59. Nd4 exd4+ 60. Kxd4 Bc4 (60... Qc4+ {is a self mate.} 61. Ke3 Qc3 62. Kf2 Qd2+ 63. Kg1 Qe1+ 64. Kg2 Qf1#) 61. Ke3 Qe2+ 62. Kf4 Qf3#) 47. Kf2 $19 Qxh1 48. Rxc8 Ng5 49. Rg8+ Kh6 0-1